 Dungeon Crawl Stone Soup version 0.13-a0-2305-ge00d11d (webtiles) character file.

160 Kae the Chopper (level 4, 0/37 HPs)
             Began as a Hill Orc Abyssal Knight on July 9, 2013.
             Was a Believer of Lugonu.
             Killed from afar by Sigmund (8 damage)
             ... with a puff of flame
             ... on Level 2 of the Dungeon.
             The game lasted 00:01:02 (1317 turns).

Kae the Chopper (Hill Orc Abyssal Knight)           Turns: 1317, Time: 00:01:03

HP   0/37        AC  3     Str 15      XL: 4   Next: 22%
MP   6/6         EV 10     Int 12      God: Lugonu [**....]
Gold 90          SH  0     Dex 14      Spells:  0 memorised,  3 levels left

Res.Fire  : . . .   See Invis. : .   a - +2 orc hand axe {=f}
Res.Cold  : . . .   Warding    : .   b - +0 orc leather armour
Life Prot.: . . .   Conserve   : .   (no shield)
Res.Poison: .       Res.Corr.  : .   (no helmet)
Res.Elec. : .       Clarity    : .   (no cloak)
Sust.Abil.: . .     Spirit.Shd : .   (no gloves)
Res.Mut.  : .       Stasis     : .   (no boots)
Res.Rott. : .       Flight     : .   (no amulet)
Saprovore : + . .                    (no ring)
                                     f - +4 ring of dexterity

@: slightly resistant to hostile enchantments, unstealthy
A: saprovore 1
a: Depart the Abyss, Bend Space, Renounce Religion


You were on level 2 of the Dungeon.
You worshipped Lugonu.
Lugonu was most pleased with you.
You were hungry.

You visited 1 branch of the dungeon, and saw 2 of its levels.
You visited the Abyss 1 time.

You collected 70 gold pieces.

Inventory:

Hand weapons
 a - a +2,+2 orcish hand axe (weapon) {=f}
Armour
 b - a +0 orcish leather armour (worn)
Comestibles
 c - a meat ration
 k - a sausage
 p - 2 chunks of hobgoblin flesh
Scrolls
 d - a scroll of amnesia {unknown}
 e - 2 scrolls of remove curse {unknown}
 j - a scroll of noise {unknown}
 l - a scroll of recharging {unknown}
 o - a scroll of enchant weapon I {unknown}
 q - a scroll of identify {unknown}
Jewellery
 f - a +4 ring of dexterity (left hand)
 i - an uncursed ring of magical power {unknown}
 n - a cursed -2 ring of evasion {unknown}
Potions
 g - a potion of mutation {unknown}
 h - 3 potions of curing {unknown}
 m - a potion of heal wounds {unknown}


   Skills:
 - Level 3.6 Fighting
 * Level 5.2 Axes
 - Level 2.1 Armour
 - Level 0.7 Dodging
 + Level 3.4 Invocations


You had 3 spell levels left.
You didn't know any spells.

Dungeon Overview and Level Annotations

Branches:
Dungeon (2/27)

Altars:

Annotations
D:2 Sigmund


Innate Abilities, Weirdness & Mutations

You can tolerate rotten meat.


Message History

You feel slightly more hungry.
You open the door.
There is an open door here.
You close the door.
Something unseen opens the door.
There is an open door here.
You close the door.
Something unseen opens the door.
There is an open door here.
Which direction?
You close the door.
You open the door.
There is an open door here.
The puff of flame hits you!
* * * LOW HITPOINT WARNING * * *
Sigmund appears from thin air!
Reactivating autopickup.
Sigmund casts a spell at you. The puff of flame hits you!
You die...

#.........##.# #.#.# #.#.
#.........##(# #.#.###.#.
#.........##.# #.#.......
#.........##.# #.....#.##
#.........##.# #.....+...
#.........##.# ##....#%##
#.........##.#####....#.#
#.........##.....'....#.#
#######..@.#######....#.#
#....# #....#.# #....#
###'##.# #....# #.##.#
#....# #.##.# #....#
#####'##.## ##@###
#......ยง... #.#
#.......#.. #####'####
#..........


You could see Sigmund.

Vanquished Creatures
  3 adders (D:2)
  A giant gecko (D:1)
  An ooze (D:2)
  A ball python (D:1)
  3 giant cockroaches
  6 goblins
  7 hobgoblins
  4 jackals
  A kobold (D:1)
  5 bats
  3 giant newts
  5 rats
40 creatures vanquished.

Notes
Turn   | Place    | Note
--------------------------------------------------------------
     0 | Abyss:1  | Kae, the Hill Orc Abyssal Knight, began the quest for the Orb.
     0 | Abyss:1  | Reached XP level 1. HP: 17/17 MP: 1/1
    46 | Abyss:1  | Noticed a large abomination
    47 | D:1      | Escaped the Abyss
   310 | D:1      | Acquired Lugonu's first power
   310 | D:1      | Reached XP level 2. HP: 19/24 MP: 2/2
   660 | D:1      | Reached skill level 4 in Axes
   785 | D:1      | Reached XP level 3. HP: 30/30 MP: 4/4
  1163 | D:2      | Acquired Lugonu's second power
  1205 | D:2      | Reached skill level 5 in Axes
  1205 | D:2      | Reached XP level 4. HP: 25/37 MP: 6/6
  1278 | D:2      | Noticed Sigmund
  1317 | D:2      | Killed from afar by Sigmund

Action                   |  1- 3 |  4- 6 || total
-------------------------+-------+-------++-------
Melee: Hand axe          |    90 |    15 ||   105
Invok: Depart the Abyss  |     1 |       ||     1
       Bend Space        |       |     1 ||     1
